 Dungeon Crawl Stone Soup version 0.17-a0-776-gd86b262 (webtiles) character file.

158 ahoge the Skirmisher (level 5, -4/34 HPs)
             Began as a Gargoyle Berserker on Apr 24, 2015.
             Was a Believer of Trog.
             Slain by a gnoll
             ... wielding a +0 spear
              (6 damage)
             ... on level 3 of the Dungeon.
             The game lasted 00:06:19 (2007 turns).

ahoge the Skirmisher (Gargoyle Berserker)           Turns: 2007, Time: 00:06:19

Health: -4/34      AC:  8    Str: 21    XL:     5   Next: 39%
Magic:  5/5        EV: 12    Int:  7    God:    Trog [**....]
Gold:   101        SH:  0    Dex: 10    Spells: 0 memorised, 4 levels left

rFire  . . .     SeeInvis .     a - +0 mace
rCold  . . .     Clarity  .     b - +0 animal skin
rNeg   + . .     SustAb   .     (no shield)
rPois  ∞         Gourm    .     r - +0 helmet
rElec  +         Spirit   .     (no cloak)
rCorr  .         Warding  .     q - +0 pair of gloves
rMut   .         Stasis   .     (no boots)
MR     .....                    (no amulet)
Stlth  +.........               (no ring)
                                (no ring)

@: not resistant to hostile enchantments, very unstealthy
A: negative energy resistance 1, electricity resistance, unbreathing,
petrification resistance, rot immunity, AC +4
a: Burn Spellbooks, Berserk, Trog's Hand, Renounce Religion


You were on level 3 of the Dungeon.
You worshipped Trog.
Trog was pleased with you.
You were not hungry.

You visited 1 branch of the dungeon, and saw 3 of its levels.

You collected 101 gold pieces.

Inventory:

Hand weapons
 a - a +0 mace (weapon)
Armour
 b - a +0 animal skin (worn)
 q - a +0 pair of gloves (worn)
 r - a +0 helmet (worn)
Scrolls
 e - 2 scrolls of enchant weapon {unknown}
 g - 2 scrolls of remove curse {unknown}
 k - 3 scrolls of identify {unknown}
 l - a scroll of fear {unknown}
 p - a scroll of random uselessness {unknown}
 s - a scroll of amnesia {unknown}
Potions
 d - a potion of cancellation {unknown}
 f - 2 potions of curing {unknown}
 h - 3 potions of might {unknown}
 i - 3 potions of restore abilities {unknown}
 m - a potion of cure mutation {unknown}
 n - a potion of poison {unknown}
 o - a potion of agility {unknown}
Comestibles
 c - a bread ration
 j - 6 chunks of flesh


   Skills:
 + Level 4.4 Fighting
 + Level 3.7 Maces & Flails
 + Level 2.2 Armour
 + Level 3.3 Dodging


You had 4 spell levels left.
You didn't know any spells.

Dungeon Overview and Level Annotations

Branches:
Dungeon (3/15)

Altars:
Ashenzari


Innate Abilities, Weirdness & Mutations

You are resistant to torment.
Your stone body is resilient (AC +4).
You are immune to poison.
You resist negative energy.
You are resistant to electric shocks.
You can survive without breathing.
You are immune to petrification.
You are immune to rotting.


Message History

The gnoll hits you but does no damage.
You hit the gnoll.
You kill the gnoll!
Trog accepts your kill.
You hit the gnoll.
The gnoll is severely wounded.
The gnoll hits you but does no damage.
The gnoll hits you from afar with a spear.
* * * LOW HITPOINT WARNING * * *
You barely miss the gnoll.
The gnoll is severely wounded.
The gnoll hits you with a whip.
* * * LOW HITPOINT WARNING * * *
The gnoll hits you but does no damage.
You hit the gnoll.
The gnoll is almost dead.
The gnoll hits you with a whip.
* * * LOW HITPOINT WARNING * * *
The gnoll hits you from afar with a spear.
You die...

....# #.........#
....# #.........#
....# #...).....#
....# #.........#
....# #.........#
....# #######'###
....# #g# ##### #g#
#@# #.# ..# ##.# #.#
#.#
################.#
...............#'####
#############.......#


You could see 2 gnolls.

Vanquished Creatures
  Jessica (D:2)
  5 gnolls (D:3)
  2 adders
  An ooze (D:3)
  3 giant geckos
  11 bats
  A giant cockroach (D:1)
  5 hobgoblins
  8 jackals
  9 kobolds
  2 giant newts
  4 goblins
  12 rats
64 creatures vanquished.

Notes
Turn   | Place    | Note
--------------------------------------------------------------
     0 | D:1      | ahoge, the Gargoyle Berserker, began the quest for the Orb.
     0 | D:1      | Reached XP level 1. HP: 14/14 MP: 1/1
    55 | D:1      | Reached XP level 2. HP: 12/19 MP: 2/2
   360 | D:1      | Found a shattered altar of Ashenzari.
   400 | D:1      | Acquired Trog's second power
   400 | D:1      | Reached XP level 3. HP: 13/23 MP: 3/3
   894 | D:2      | Noticed Jessica
   908 | D:2      | Killed Jessica
   908 | D:2      | Reached XP level 4. HP: 13/29 MP: 4/4
   951 | D:2      | Reached skill level 4 in Fighting
  1853 | D:3      | HP: 2/43 [gnoll/halberd (10)]
  1855 | D:3      | Reached XP level 5. HP: 3/33 MP: 5/5
  2007 | D:3      | Slain by a gnoll

Action                   |  1- 3 |  4- 6 || total
-------------------------+-------+-------++-------
Melee: Mace              |   121 |   103 ||   224
Invok: Berserk           |     1 |     2 ||     3
       Trog's Hand       |     1 |     2 ||     3
  Eat: Chunk             |       |     7 ||     7
